 Dungeon Crawl Stone Soup version 0.27.1-1-g398f81649c (webtiles) character file.

Game seed: 3402309190736856657

168 Crownlay the Chopper (level 5, 0/45 HPs)
             Began as a Hill Orc Fighter on Sept 19, 2021.
             Slain by an iguana (5 damage)
             ... on level 4 of the Dungeon.
             The game lasted 00:04:12 (2793 turns).

Crownlay the Chopper (Hill Orc Fighter)             Turns: 2793, Time: 00:04:12

Health: 0/45       AC:  8    Str: 20    XL:     5   Next: 48%
Magic:  5/5        EV:  9    Int:  8    God:
Gold:   142        SH:  5    Dex: 16    Spells: 4/4 levels left

rFire    . . .     SeeInvis .   a - +0 war axe
rCold    . . .     Faith    .   f - +0 buckler
rNeg     . . .     Spirit   .   b - +0 scale mail
rPois    .         Reflect  .   (no helmet)
rElec    .         Harm     .   (no cloak)
rCorr    .         Rampage  .   i - +0 pair of gloves
Will     .....                  (no boots)
Stlth    ..........             (no amulet)
HPRegen  0.15/turn              l - +6 ring of dexterity
MPRegen  0.09/turn              (no ring)

@: no status effects
A: no striking features
a: no special abilities


You were on level 4 of the Dungeon.
You visited 1 branch of the dungeon, and saw 4 of its levels.

You collected 142 gold pieces.

Inventory:

Hand Weapons
 a - a +0 war axe (weapon)
Missiles
 j - 33 poisoned darts (quivered)
Armour
 b - a +0 scale mail (worn)
 c - a +0 kite shield
 f - a +0 buckler (worn)
 i - a +0 pair of gloves (worn)
Jewellery
 k - an amulet of faith
 l - a +6 ring of dexterity (left hand)
Scrolls
 e - 3 scrolls of teleportation
 g - 2 scrolls of noise
 m - a scroll of brand weapon {unknown}
 o - a scroll of identify {unknown}
Potions
 d - 2 potions of might
 h - a potion of ambrosia {unknown}
 n - a potion of attraction {unknown}
 p - a potion of berserk rage {unknown}


   Skills:
 - Level 3.6 Fighting
 + Level 6.8 Axes
 - Level 3.2 Armour
 - Level 4.0 Shields


You had 4 spell levels left.
You didn't know any spells.
Your spell library was empty.

Dungeon Overview and Level Annotations

Branches:
Dungeon (4/15)
 Temple: D:4-7

Altars:
Qazlal
Wu Jian
Zin


Message History

You barely miss the iguana. You hit the orc. The iguana bites you.
The orc hits you but does no damage.
The iguana bites you but does no damage.
You barely miss the orc.
The orc is lightly wounded.
You hit the iguana. The orc barely misses you. The iguana bites you!
The orc hits you with a +0 club.
You hit the iguana but do no damage.
The iguana is lightly wounded.
You hit the orc. You block the iguana's attack.
The orc hits you but does no damage.
You hit the orc.
The orc is severely wounded.
You barely miss the iguana. The iguana bites you.
The orc hits you but does no damage.
You are too injured to fight recklessly!
You are too injured to fight recklessly!
You are too injured to fight recklessly!
You are too injured to fight recklessly!
You are too injured to fight recklessly!
You are too injured to fight recklessly!
You are too injured to fight recklessly!
You are too injured to fight recklessly!
You are too injured to fight recklessly!
You hit the iguana.
The iguana is moderately wounded.
The iguana bites you.
You closely miss the iguana.
The iguana is moderately wounded.
The iguana closely misses you.
You hit the iguana.
The iguana is severely wounded.
The iguana bites you!
* * * LOW HITPOINT WARNING * * *
The iguana bites you.
* * * LOW HITPOINT WARNING * * *
You hit the iguana.
The iguana is almost dead.
The iguana bites you.
You die...

#.# #.... ##.###....
##.........
######..........
####........###.### .
####...........# #.#Z#
... ..............# #####
.....#.###...#..).####...
......ol@........))#Z#._.
...###########....#####.#
#....# #Z#.# #....#####)#
#........#.# ########...#
#####


You could see an iguana and an orc.

Vanquished Creatures
  An orc wizard (D:4)
  3 gnolls (D:3)
  6 adders
  A worm (D:3)
  4 orcs (D:4)
  A ball python (D:2)
  2 bats
  8 endoplasms
  5 giant cockroaches
  2 goblins
  5 hobgoblins
  5 kobolds
  4 quokkas
  5 frilled lizards
  2 rats (D:3)
54 creatures vanquished.

Notes
Turn   | Place    | Note
-------+----------+-------------------------------------------
     0 | D:1      | Crownlay the Hill Orc Fighter began the quest for the Orb.
     0 | D:1      | Reached XP level 1. HP: 19/19 MP: 1/1
    78 | D:1      | Reached skill level 3 in Axes
   318 | D:1      | Reached XP level 2. HP: 22/26 MP: 2/2
  1127 | D:2      | Reached XP level 3. HP: 25/31 MP: 3/3
  1234 | D:2      | Reached skill level 4 in Axes
  1633 | D:3      | Reached XP level 4. HP: 39/39 MP: 4/4
  1650 | D:3      | Reached skill level 5 in Axes
  2179 | D:3      | Found a glowing silver altar of Zin.
  2201 | D:3      | Found a stormy altar of Qazlal.
  2202 | D:3      | Noticed a water elemental
  2239 | D:3      | Reached skill level 6 in Axes
  2244 | D:3      | Reached XP level 5. HP: 25/45 MP: 5/5
  2481 | D:3      | Noticed an air elemental
  2481 | D:3      | Noticed a fire elemental
  2716 | D:4      | Found an ornate altar of the Wu Jian Council.
  2763 | D:4      | Noticed a spectral centipede
  2763 | D:4      | Noticed a spectral black mamba
  2763 | D:4      | Noticed a spectral cane toad
  2793 | D:4      | Slain by an iguana

Illustrated notes

Levels and vault maps discovered:
D:1:      mainiacjoe_arrival_reflecting_pool, layout_basic
D:2:      layout_basic, kennysheep_generic_room_5
D:3:      layout_basic, nicolae_qazlal_style_of_elements, zin_academy,
          kennysheep_generic_room_8
D:4:      layout_rooms, pdpol_wu_jian_five_deadly_venoms,
          mainiacjoe_overflow_large_starburst,
          minmay_temple_entry_enclosed_plants, uniq_duvessa, uniq_edmund

Skill      XL: |  1  2  3  4 |
---------------+-------------+-----
Axes           | 3 4 6 |  6.8
Shields        | 4 |  4.0
Fighting       | |  3.6
Armour         | |  3.2

Action                   |  1- 3 |  4- 6 || total
-------------------------+-------+-------++-------
Melee: War axe           |    58 |    68 ||   126
Throw: Dart              |    45 |    38 ||    83
  Use: Scroll            |       |     2 ||     2
Armor: Scale mail        |    22 |    32 ||    54
Dodge: Dodged            |    37 |    20 ||    57
Block: Buckler           |    17 |    16 ||    33
